 Dungeon Crawl Stone Soup version 0.28-a0-461-g2dc4ca5097 (webtiles) character file.

Game seed: 12753559815212019102

279 Gwenloh the Chucker (level 6, -3/55 HPs)
             Began as a Troll Hunter on Sept 14, 2021.
             Slain by an ogre (32 damage)
             ... on level 4 of the Dungeon.
             The game lasted 00:08:40 (2763 turns).

Gwenloh the Chucker (Troll Hunter)                  Turns: 2763, Time: 00:08:41

Health: -3/55      AC:  5    Str: 21    XL:     6   Next: 5%
Magic:  5/5        EV: 10    Int:  7    God:
Gold:   81         SH:  0    Dex: 12    Spells: 5/5 levels left

rFire   . . .      SeeInvis .   s - +4 quarterstaff (chaos)
rCold   . . .      Faith    .   (shield currently unavailable)
rNeg    . . .      Spirit   .   b - +0 robe
rPois   .          Reflect  .   (helmet restricted)
rElec   .          Harm     .   t - +0 cloak
rCorr   .          Rampage  .   (gloves unavailable)
Will    .....                   (boots unavailable)
Stlth   +.........              j - amulet of regeneration
HPRegen 2.18/turn               (no ring)
MPRegen 0.09/turn               (no ring)

@: no status effects
A: large, unfitting armour, claws 3, regeneration 1, shaggy fur 1, tough skin 1
a: no special abilities


You were on level 4 of the Dungeon.
You visited 1 branch of the dungeon, and saw 4 of its levels.

You collected 146 gold pieces.
You spent 65 gold pieces at shops.

Inventory:

Hand Weapons
 s - a +4 quarterstaff of chaos (weapon)
Missiles
 c - 5 large rocks
 d - 2 throwing nets
 i - 133 stones
 n - 5 boomerangs (quivered)
Armour
 b - a +0 robe (worn)
 t - a +0 cloak (worn)
Jewellery
 j - an amulet of regeneration (around neck)
 q - a ring of magical power
Wands
 r - a wand of iceblast (9)
Scrolls
 a - 2 scrolls of amnesia
 f - a scroll of brand weapon
 g - 2 scrolls of immolation {unknown}
 h - a scroll of teleportation {unknown}
 k - a scroll of magic mapping {unknown}
 l - a scroll of fear {unknown}
Potions
 e - 2 potions of curing {unknown}
 m - a potion of lignification {unknown}
 o - 3 potions of haste {unknown}
 p - a potion of heal wounds


   Skills:
 - Level 1.5 Fighting
 + Level 6.7 Throwing
 - Level 1.5 Dodging
 - Level 0.3 Stealth


You had 5 spell levels left.
You didn't know any spells.
Your spell library contained the following spells:

 Spells                   Type           Power      Damage    Failure   Level
 Sandblast                Erth           0%         2d4       43%         1
 Passwall                 Tmut/Erth      0%         N/A       56%         2
 Gell's Gravitas          Tloc           0%         N/A       80%         3
 Stone Arrow              Conj/Erth      0%         3d7       80%         3
 Teleport Other           Tloc           0%         N/A       80%         3
 Dispersal                Tloc           0%         N/A       100%        6
 Malign Gateway           Summ/Tloc      0%         N/A       100%        7
 Summon Horrible Things   Summ           0%         N/A       100%        8


Dungeon Overview and Level Annotations

Branches:
Dungeon (4/15)
 Temple: D:4-7

Altars:

Shops:
D:3 !


Innate Abilities, Weirdness & Mutations

You are too large for most types of armour.
You have claws for hands.
Your natural rate of healing is unusually fast.
You are covered in fur. (AC +1)
You have tough skin. (AC +1)


Message History

You throw a boomerang. The boomerang barely misses the ogre.
You sock the ogre!
The ogre seems to slow down.
The ogre is almost dead.
The ogre hits you with a +0 giant club!
The ogre is no longer moving slowly.
You sock the ogre! You freeze the ogre.
You kill the ogre!
You have reached level 6!
Your experience leads to an increase in your attributes!
Increase (S)trength, (I)ntelligence, or (D)exterity?
You feel agile.
You feel stronger.
HP restored.
You see here a +0 giant club.
An ogre comes into view. It is wielding a +0 giant spiked club.
You throw a boomerang.
The boomerang hits the ogre but does no damage.
You sock the ogre!
The ogre suddenly seems more agile.
The ogre is moderately wounded.
The ogre barely misses you.
You barely miss the ogre.
The ogre is moderately wounded.
The ogre hits you with a +0 giant spiked club!!
Ouch! That really hurt!
A giant cockroach comes into view.
You see here a +0 giant club.
You barely miss the ogre.
The ogre is moderately wounded.
The ogre hits you but does no damage.
You sock the ogre!
The ogre is severely wounded.
The ogre closely misses you.
You hit the ogre.
The ogre seems to speed up.
The ogre is almost dead.
The ogre hits you with a +0 giant spiked club!! x2
Ouch! That really hurt!
* * * LOW HITPOINT WARNING * * *
You feel much better. The ogre barely misses you.
The ogre hits you with a +0 giant spiked club!!
Ouch! That really hurt!
You die...

..........## #########
##.........###########.......#
#......................#####.####
#..........#####.#.####..........
#.#.......######.#.####.####.####
#.##.....#............... #.#
#.###...##.#####.#......#. #.#
#.#........#####.########.##.#
...^....##......@..######.##.####
#....#..##......O..#...##........
........##............<.####.####
###..##.##.......................
#..##.................#########
#..#####.........#....###### #..#
#.........##.#......# #..#
#<........##.######.# #..#
#.........##)#


You could see an ogre (fast, agile).

Vanquished Creatures
  An ogre (D:4)
  Crazy Yiuf (D:3)
  Jessica (D:2)
  Ijyb (D:3)
  Robin (D:2)
  3 adders
  2 worms (D:2)
  2 dart slugs (D:3)
  7 orcs (D:3)
  5 ball pythons
  6 endoplasms
  A giant cockroach (D:2)
  15 goblins
  6 hobgoblins
  2 quokkas
  3 bats
  5 rats
62 creatures vanquished.

Notes
Turn   | Place    | Note
-------+----------+-------------------------------------------
     0 | D:1      | Gwenloh the Troll Hunter began the quest for the Orb.
     0 | D:1      | Reached XP level 1. HP: 19/19 MP: 0/0
   130 | D:1      | Reached skill level 4 in Throwing
   386 | D:1      | Reached XP level 2. HP: 27/27 MP: 1/1
   760 | D:2      | Noticed Jessica
   872 | D:2      | Reached XP level 3. HP: 33/33 MP: 2/2
   887 | D:2      | Noticed Robin
   922 | D:2      | Killed Robin
  1094 | D:2      | Reached skill level 5 in Throwing
  1137 | D:2      | Killed Jessica
  1138 | D:2      | Reached XP level 4. HP: 34/41 MP: 3/3
  1835 | D:3      | Found Socit's Distillery.
  1843 | D:3      | Bought a potion of heal wounds for 65 gold pieces
  1998 | D:3      | Found a runed translucent door.
  1999 | D:3      | Noticed Crazy Yiuf
  2071 | D:3      | Noticed Ijyb
  2100 | D:3      | Killed Ijyb
  2101 | D:3      | Reached XP level 5. HP: 13/48 MP: 4/4
  2123 | D:3      | Reached skill level 6 in Throwing
  2408 | D:3      | Killed Crazy Yiuf
  2709 | D:4      | Noticed an ogre
  2722 | D:4      | Killed an ogre
  2723 | D:4      | Reached XP level 6. HP: 54/55 MP: 5/5
  2763 | D:4      | Slain by an ogre

Illustrated notes

Levels and vault maps discovered:
D:1:      moated_graveyard_arrival, layout_basic, feat_on_display
D:2:      layout_basic, serial_corexii_hall, chequers_hall_statues_wall_a,
          corexii_hall_statues_l, uniq_robin, uniq_jessica
D:3:      layout_loops_ring, serial_shops, nicolae_shop_waterfront, uniq_ijyb,
          uniq_crazy_yiuf_cottage
D:4:      layout_loops_ring

Skill      XL: |  1  2  3  4  5 |
---------------+----------------+-----
Throwing       | 4 5 6 |  6.7
Fighting       | |  1.5
Dodging        | |  1.5
Stealth        | |  0.3

Action                   |  1- 3 |  4- 6 || total
-------------------------+-------+-------++-------
Melee: Unarmed           |    56 |    44 ||   100
       Quarterstaff      |       |     8 ||     8
Throw: Stone             |    67 |     9 ||    76
       Boomerang         |       |    71 ||    71
  Use: Scroll            |       |     4 ||     4
       Potion            |       |     1 ||     1
 Stab: Sleeping          |     1 |       ||     1
Armor: Robe              |    13 |    10 ||    23
Dodge: Dodged            |     9 |    17 ||    26

Table legend: (Time is in decaauts)
 A = Elapsed time spent in this place.
 B = Non-inter-level travel time spent in this place.
 C = Inter-level travel time spent in this place.
 D = Time resting spent in this place.
 E = Time spent auto-exploring this place.
 F = Levels seen in this place.
 G = Mean time per level.
                   A        B        C        D        E       F      G
               +--------+--------+--------+--------+--------+-----+--------+
         Total |   2757 |   2606 |    151 |      5 |   2055 |   4 |  689.2 |
       Dungeon |   2757 |   2606 |    151 |      5 |   2055 |   4 |  689.2 |
               +--------+--------+--------+--------+--------+-----+--------+

Top non-repeatable levels by time:
     D:3: 875 daAuts
     D:2: 859 daAuts
     D:1: 757 daAuts
     D:4: 264 daAuts
